 Dungeon Crawl Stone Soup version 0.28-a0-612-gcfc00ec14d (webtiles) character file.

Game seed: 9457440156522869452

12871 kae the Grappler (level 11, -18/110 (116) HPs)
             Began as a Yellow Draconian Transmuter on Oct 5, 2021.
             Was a Priest of Ru.
             Demolished by a skeletal warrior (26 damage)
             ... on level 10 of the Dungeon.
             The game lasted 00:15:29 (15072 turns).

kae the Grappler (Yellow Draconian Transmuter)     Turns: 15072, Time: 00:15:30

HP:   -18/110 (116) AC:  7    Str: 19    XL:     11   Next: 68%
MP:   13/15         EV: 10    Int: 16    God:    Ru [***...]
Gold: 270           SH:  0    Dex: 12    Spells: 4/15 levels left

rFire   x . .      SeeInvis +     - Unarmed
rCold   + + +      Faith    .   (shield currently unavailable)
rNeg    . . .      Spirit   .   (armour unavailable)
rPois   +          Reflect  .   (helmet currently unavailable)
rElec   .          Harm     .   (cloak currently unavailable)
rCorr   .          Rampage  .   (gloves currently unavailable)
Will    .....                   (boots currently unavailable)
Stlth   +.........              (no amulet)
HPRegen 0.28/turn               c - ring of see invisible
MPRegen 0.14/turn               j - +6 ring of strength

@: exhausted, ice-form, very slightly contaminated, drained
A: freezing attack, amphibious, boosted hp, (spit acid), AC +7, large, unfitting
armour, (cold-blooded), inability to use devices, unskilled 1, (acid resistance)
a: End Transformation, Renounce Religion, Draw Out Power


You were on level 10 of the Dungeon.
You worshipped Ru.
Ru was most pleased with you.
You were a creature of crystalline ice.
You visited 2 branches of the dungeon, and saw 12 of its levels.

You collected 363 gold pieces.
You spent 93 gold pieces at shops.

Inventory:

Missiles
 s - 3 throwing nets
Jewellery
 b - a ring of positive energy
 c - a ring of see invisible (left front paw)
 j - a +6 ring of strength (right front paw)
 q - the ring "Kuafyusk" {rF+ Int+2}
   (You took it off an orc on level 9 of the Dungeon)

   [ring of protection from fire]

   Int:       It affects your intelligence (+2).
   rF:        It protects you from fire.
 v - a +6 ring of intelligence
Scrolls
 a - 4 scrolls of fear
 d - a scroll of fog
 e - 4 scrolls of teleportation
 i - a scroll of magic mapping
 m - 3 scrolls of amnesia
 p - a scroll of enchant armour
 u - a scroll of blinking
Potions
 f - 3 potions of resistance
 g - a potion of flight
 h - 3 potions of curing
 k - 2 potions of mutation
 l - a potion of haste
 n - a potion of brilliance
 o - a potion of heal wounds
 r - 2 potions of might


   Skills:
 + Level 9.2 Fighting
 - Level 1.5 Dodging
 * Level 12.0 Unarmed Combat
 - Level 2.6 Spellcasting
 + Level 8.4 Transmutations
 - Level 3.6 Ice Magic
 - Level 2.6 Poison Magic


You had 4 spell levels left.
You knew the following spells:

 Your Spells              Type           Power      Damage    Failure   Level
a - Beastly Appendage     Tmut           58%        N/A       1%          1
b - Spider Form           Tmut/Pois      9%         N/A       6%          3
c - Ice Form              Ice/Tmut       21%        N/A       16%         4
d - Frozen Ramparts       Ice            26%        1d4       13%         3

Your spell library contained the following spells:

 Spells                   Type           Power      Damage    Failure   Level
 Wereblood                Tmut           29%        N/A       1%          2
 Freeze                   Ice            52%        1d7       4%          1
 Ozocubu's Armour         Ice            13%        N/A       13%         3
 Animate Skeleton         Necr           4%         N/A       21%         1
 Foxfire                  Conj/Fire      8%         2x1d4     21%         1
 Pain                     Necr           8%         1d4       21%         1
 Slow                     Hex            2%         N/A       30%         2
 Confusing Touch          Hex            2%         N/A       52%         3
 Conjure Flame            Conj/Fire      2%         6-21      52%         3
 Inner Flame              Hex/Fire       2%         N/A       52%         3
 Vampiric Draining        Necr           1%         2d6       52%         3
 Hailstorm                Conj/Ice       7%         3d4       67%         4
 Flame Wave               Conj/Fire      2%         3d3       89%         4
 Passage of Golubria      Tloc           N/A        N/A       89%         4
 Yara's Violent Unravell  Hex/Tmut       7%         3d5       67%         5
 Eringya's Noxious Bog    Tmut/Pois      9%         N/A       97%         6
 Agony                    Necr           2%         N/A       99%         5
 Excruciating Wounds      Necr           1%         N/A       99%         5
 Silence                  Hex/Air        1%         N/A       99%         5
 Summon Forest            Summ/Tloc      1%         N/A       99%         5
 Ozocubu's Refrigeration  Ice            6%         4d6       100%        7
 Summon Hydra             Summ           1%         N/A       100%        7
 Lehudib's Crystal Spear  Conj/Erth      1%         10d2      100%        8


Dungeon Overview and Level Annotations

Branches:
Dungeon (11/15)            Temple (1/1) D:7
   Lair: D:8-11         Orc: D:9-12

Altars:
Ashenzari
Cheibriados
Dithmenos
Elyvilon
Fedhas
Gozag
Hepliaklqana
Kikubaaqudgha
Makhleb
Nemelex Xobeh
Okawaru
Qazlal
Ru
Sif Muna
Trog
Uskayaw
Vehumet
Wu Jian
Xom
Yredelemnul
Zin
The Shining One
Beogh

Shops:
D:3 (   D:4 :   D:6 [   D:7 *   D:9 (


Innate Abilities, Weirdness & Mutations

You are a creature of crystalline ice.
You have a powerful freezing melee attack.
You are amphibious.
Your maximum health is increased.
Your armour is entirely melded.
You are incapable of wielding weapons or throwing items.
((You can spit globs of acid.))
((Your golden yellow scales are hard. (AC +7)))
You cannot fit into any form of body armour.
((You are cold-blooded and may be slowed by cold attacks.))
You cannot study or use magical devices.
You are somewhat unskilled. (-1 Apt)
((You are resistant to acid. (rCorr)))


Message History

The skeletal warrior is stunned by your conviction and fails to attack.
The skeletal warrior hits you with a +2 mace!!
There is a stone staircase leading up, spattered with blood here.
The skeletal warrior hits you with a +2 mace!
You climb upwards.
There is a stone staircase leading down here.
Casting: Ice Form (dangerous; 16% risk of failure)
Confirm with . or Enter, or press ? or * to list all spells.
You turn into a creature of crystalline ice.
The skeletal warrior hits you with a +2 mace!!
The skeletal warrior hits you with a +2 mace!
You focus your inner power and blind the skeletal warrior in retribution!
You hit the skeletal warrior but do no damage.
The skeletal warrior hits you with a +2 mace!!
* * * LOW HITPOINT WARNING * * *
You pummel the skeletal warrior!! You freeze the skeletal warrior.
The skeletal warrior is heavily damaged.
You catch the helpless skeletal warrior completely off-guard!
You punch the skeletal warrior! You freeze the skeletal warrior.
The skeletal warrior is severely damaged.
You cannot evoke magical items.
Unknown command.
You are restored by drawing out deep reserves of power within.
You feel drained.
You hit the skeletal warrior but do no damage.
The skeletal warrior is severely damaged.
The skeletal warrior is no longer blind.
The skeletal warrior hits you with a +2 mace!!
* * * LOW HITPOINT WARNING * * *
You focus your inner power and blind the skeletal warrior in retribution!
You hit the skeletal warrior but do no damage.
The skeletal warrior is severely damaged.
You punch the skeletal warrior!
The skeletal warrior is almost destroyed.
The skeletal warrior hits you with a +2 mace!
* * * LOW HITPOINT WARNING * * *
You barely miss the skeletal warrior.
The skeletal warrior is almost destroyed.
The skeletal warrior hits you with a +2 mace!!
You die...

#...# ######...# #.....#... #...#
#...# #.....#### ....#
#...########......... ....#
##.................... ....#
#..................... ....#
#..................... ....####
#.[................... .......#
#................#####
.......#####....Y...........#....
.................z>...#####.#....
.................######...#.#....
.......#####.....#........#.#####
.......#...#.....#........#......
.......#...#.....#........###....
.......#...#.....#..........#....
.......#...#.....#..........#....
.......#...'.....#..........#..##


You could see a skeletal warrior (blind).

Vanquished Creatures
  2 boulder beetles (D:11)
  Harold (D:8)
  2 two-headed ogres
  A cyclops (D:9)
  A manticore (D:9)
  An elephant (shapeshifter) (D:9)
  An unseen horror (D:8)
  A troll (D:11)
  Prince Ribbit (D:6)
  2 wraiths (D:9)
  2 shadows
  Sigmund (D:2)
  A wyvern (D:8)
  23 yaks
  2 vampire mosquitoes (D:10)
  An acid dragon (D:10)
  2 water moccasins
  A black bear (D:6)
  2 sky beasts (D:6)
  2 orc warriors (D:8)
  An ice beast (D:3)
  2 necrophages
  2 wolves (D:11)
  7 centaurs
  A phantom (D:6)
  2 kobold brigands
  A bullfrog (D:7)
  A gnoll sergeant (D:9)
  A scorpion (D:5)
  14 killer bees
  3 howler monkeys (D:9)
  A bullfrog zombie (D:6)
  A jelly (D:6)
  Crazy Yiuf (D:7)
  4 orc priests
  7 hounds
  A bullfrog skeleton (D:5)
  Ijyb (D:4)
  A gnoll shaman (D:7)
  2 iguanas
  Natasha (thrice) (D:2)
  8 orc wizards
  A killer bee zombie (D:8)
  A howler monkey zombie (D:6)
  8 gnolls
  8 adders
  A worm (D:4)
  A dart slug (D:1)
  20 orcs
  4 bats
  4 endoplasms
  3 giant cockroaches
  6 goblins
  9 hobgoblins
  9 jackals
  2 quokkas
  4 ball pythons
  A frilled lizard (D:3)
  A jackal skeleton (D:4)
  14 kobolds
  5 rats
217 creatures vanquished.

Vanquished Creatures (others)
  7 plants (D:2)
7 creatures vanquished.

Grand Total: 224 creatures vanquished

Notes
Turn   | Place    | Note
-------+----------+-------------------------------------------
     0 | D:1      | kae the Draconian Transmuter began the quest for the Orb.
     0 | D:1      | Reached XP level 1. HP: 16/16 MP: 3/3
   403 | D:1      | Reached XP level 2. HP: 5/23 MP: 3/5
  1227 | D:1      | Found a faded altar of an unknown god.
  1644 | D:2      | Reached XP level 3. HP: 29/29 MP: 4/6
  1707 | D:2      | Learned a level 3 spell: Spider Form
  1875 | D:2      | HP: 1/29 [adder (1)]
  1884 | D:2      | Reached skill level 4 in Unarmed Combat
  2105 | D:2      | Noticed Natasha
  2304 | D:2      | Noticed Sigmund
  2478 | D:3      | Noticed a centaur
  2662 | D:3      | Killed a centaur
  2663 | D:3      | Reached skill level 1 in Poison Magic
  2663 | D:3      | Reached XP level 4. HP: 29/37 MP: 3/7
  2663 | D:3      | Reached XP level 5. HP: 33/42 MP: 3/8
  2941 | D:3      | Noticed an ice beast
  2958 | D:3      | Killed an ice beast
  3268 | D:3      | Found Cuprepn's Weapon Shop.
  3477 | D:3      | Reached XP level 6. HP: 48/50 MP: 5/9
  3657 | D:2      | Killed Natasha
  3658 | D:2      | Reached skill level 5 in Unarmed Combat
  3988 | D:2      | Killed Sigmund
  4020 | D:2      | Noticed Natasha
  4028 | D:2      | Killed Natasha
  4465 | D:2      | Noticed Natasha
  4476 | D:2      | Killed Natasha
  4477 | D:2      | Your scales start taking on a golden yellow colour.
  4477 | D:2      | Reached XP level 7. HP: 52/58 MP: 7/10
  4477 | D:2      | Gained mutation: You are resistant to acid. (rCorr) [Yellow
                  | Draconian growth]
  5093 | D:4      | Noticed Ijyb
  5109 | D:4      | Killed Ijyb
  5348 | D:4      | Found Pisaclorr's Book Shop.
  5627 | D:5      | Entered Level 5 of the Dungeon
  5685 | D:5      | Learned a level 4 spell: Ice Form
  5725 | D:5      | Reached skill level 6 in Unarmed Combat
  5836 | D:5      | Reached skill level 1 in Ice Magic
  6009 | D:5      | Found a glowing golden altar of the Shining One.
  6793 | D:6      | Reached XP level 8. HP: 51/67 MP: 7/11
  7361 | D:6      | Found Xaysawk's Armour Boutique.
  7383 | D:6      | Noticed Prince Ribbit
  7397 | D:6      | Killed Prince Ribbit
  7398 | D:6      | Reached skill level 5 in Fighting
  7540 | D:6      | Reached skill level 7 in Unarmed Combat
  8291 | D:7      | Found Oqieded's Assorted Antiques.
  8299 | D:7      | Bought a sedimented pink potion for 21 gold pieces
  8299 | D:7      | Bought a scroll labelled MEABIN VITZ for 24 gold pieces
  8299 | D:7      | Bought a scroll of identify for 48 gold pieces
  8600 | D:7      | Found a staircase to the Ecumenical Temple.
  8729 | D:7      | Reached skill level 5 in Transmutations
  8885 | Temple   | Entered the Ecumenical Temple
  9105 | Temple   | Became a worshipper of Ru the Awakened
  9204 | D:7      | Reached XP level 9. HP: 75/75 MP: 10/13
  9402 | D:7      | Reached skill level 8 in Unarmed Combat
  9544 | D:7      | Found a runed translucent door.
  9545 | D:7      | Noticed Crazy Yiuf
  9557 | D:7      | Killed Crazy Yiuf
  9938 | D:8      | Noticed Harold
 10052 | D:8      | Noticed an unseen horror
 10057 | D:8      | Killed an unseen horror
 10489 | D:8      | Reached skill level 9 in Unarmed Combat
 10504 | D:8      | Killed Harold
 10639 | D:8      | Reached XP level 10. HP: 67/86 MP: 9/14
 10903 | D:9      | Gained mutation: You cannot study or use magical devices.
                  | [Ru sacrifice]
 10903 | D:9      | Reached * piety under Ru
 10903 | D:9      | Reached ** piety under Ru
 10926 | D:9      | Noticed an elephant
 10926 | D:9      | a yaktaur changed into an elephant
 10926 | D:9      | Noticed a manticore
 10932 | D:9      | Killed an elephant
 10933 | D:9      | Reached skill level 10 in Unarmed Combat
 10937 | D:9      | Killed a manticore
 11621 | D:9      | Found Kexu's Weapon Emporium.
 11971 | D:9      | Reached skill level 11 in Unarmed Combat
 12036 | D:9      | Identified the ring "Kuafyusk" {rF+ Int+2}
 12162 | D:9      | Noticed a two-headed ogre
 12169 | D:9      | Killed a two-headed ogre
 12381 | D:9      | Noticed a cyclops
 12390 | D:9      | Killed a cyclops
 12455 | D:10     | Entered Level 10 of the Dungeon
 12594 | D:10     | Reached XP level 11. HP: 87/97 MP: 10/15
 13329 | D:10     | Reached skill level 12 in Unarmed Combat
 14015 | D:11     | Noticed a two-headed ogre
 14020 | D:11     | Killed a two-headed ogre
 14071 | D:11     | Noticed a boulder beetle
 14266 | D:11     | Killed a boulder beetle
 14339 | D:11     | Noticed a skeletal warrior
 14339 | D:11     | Noticed a skeletal warrior
 14339 | D:11     | Noticed a skeletal warrior
 14577 | D:11     | Noticed a boulder beetle
 14894 | D:10     | Learned a level 3 spell: Frozen Ramparts
 14913 | D:11     | Killed a boulder beetle
 14914 | D:11     | Reached skill level 10 in Fighting
 14914 | D:11     | Reached skill level 13 in Unarmed Combat
 14923 | D:11     | Gained mutation: You are somewhat unskilled. (-1 Apt) [Ru
                  | sacrifice]
 14923 | D:11     | Reduced skill Unarmed Combat to level 12
 14923 | D:11     | Reached *** piety under Ru
 15072 | D:10     | Demolished by a skeletal warrior

Illustrated notes

Levels and vault maps discovered:
D:1:      beargit_arrival_diablo_church, layout_basic,
          hellmonk_ecumenical_altar_defaced_shrine
D:2:      layout_rooms, serial_forest, infiniplex_forest_corner_1,
          infiniplex_forest_clump_long, infiniplex_forest_zigzag_1,
          infiniplex_forest_end_3, infiniplex_forest_lined_room_,
          infiniplex_forest_straight_4, infiniplex_forest_straight_1,
          infiniplex_forest_end_2, infiniplex_forest_straight_2, uniq_sigmund,
          uniq_natasha
D:3:      layout_basic, serial_shops, shop
D:4:      layout_rooms, serial_shops, nicolae_square_shop, uniq_ijyb
D:5:      layout_gridville, mainiacjoe_overflow_catwalk, minivault_23
D:6:      layout_basic, serial_shops, nicolae_shop_stone, serial_park_tiny_1,
          uniq_prince_ribbit1
D:7:      layout_cave_pools, temple_pool_b, serial_shops, shop,
          kennysheep_generic_room_12, uniq_crazy_yiuf_cottage
D:8:      layout_basic, uniq_harold
D:9:      layout_long_grid, serial_shops, nicolae_shop_stone, minivault_23,
          minmay_checkerbox
D:10:     layout_irregular_city
D:11:     layout_roguey, erik_lair_island, tso_oasis_becter
Temple:   minmay_crystal_snake_temple

Skill      XL: |  1  2  3  4  5  6  7  8  9 10 11 |
---------------+----------------------------------+-----
Fighting       | 2 3 4 5 7 9 9 |  9.2
Unarmed Combat | 4 5 6 7 9 11 12 | 12.0
Poison Magic   | 1 2 3 2 |  2.6
Transmutations | 3 4 5 6 8 8 |  8.4
Ice Magic      | 2 4 3 |  3.6
Spellcasting   | 3 2 |  2.6
Dodging        | |  1.5

Action                   |  1- 3 |  4- 6 |  7- 9 | 10-12 || total
-------------------------+-------+-------+-------+-------++-------
Melee: Unarmed           |   126 |    70 |   282 |   229 ||   707
       Kick              |    21 |       |     3 |       ||    24
       Headbutt          |     8 |       |     1 |       ||     9
       Tailslap          |     7 |     1 |     5 |     5 ||    18
       Punch             |     1 |       |     1 |       ||     2
 Cast: Beastly Appendage |    25 |     3 |     3 |       ||    31
       Spider Form       |     2 |    10 |    27 |       ||    39
       Ice Form          |       |       |     6 |    24 ||    30
       Frozen Ramparts   |       |       |       |     1 ||     1
Invok: Sacrifice Artific |       |       |       |     1 ||     1
       Draw Out Power    |       |       |       |     1 ||     1
       Sacrifice Skill   |       |       |       |     1 ||     1
 Abil: Breathe Acid      |       |       |     3 |     4 ||     7
  Use: Scroll            |     2 |       |    15 |     4 ||    21
       Potion            |     3 |       |     1 |       ||     4
 Stab: Sleeping          |       |     1 |       |       ||     1
       Distracted        |       |       |       |     1 ||     1
       Invisible         |       |       |       |     2 ||     2
Armor: Skin              |    40 |    11 |    72 |    49 ||   172
Dodge: Dodged            |    87 |    48 |   207 |   101 ||   443

Table legend: (Time is in decaauts)
 A = Elapsed time spent in this place.
 B = Non-inter-level travel time spent in this place.
 C = Inter-level travel time spent in this place.
 D = Time resting spent in this place.
 E = Time spent auto-exploring this place.
 F = Levels seen in this place.
 G = Mean time per level.
                   A        B        C        D        E       F      G
               +--------+--------+--------+--------+--------+-----+--------+
         Total |  15010 |  14369 |    641 |   1592 |  10962 |  12 | 1250.8 |
       Dungeon |  14719 |  14132 |    587 |   1592 |  10746 |  11 | 1338.1 |
        Temple |    290 |    237 |     53 |      0 |    216 |   1 |  290.0 |
               +--------+--------+--------+--------+--------+-----+--------+

Top non-repeatable levels by time:
    D:10: 1938 daAuts
     D:2: 1927 daAuts
     D:6: 1748 daAuts
     D:1: 1721 daAuts
     D:8: 1656 daAuts
     D:9: 1431 daAuts
     D:7: 1033 daAuts
     D:3: 1030 daAuts
     D:4: 936 daAuts
     D:5: 903 daAuts
    D:11: 392 daAuts
  Temple: 290 daAuts
